 Dungeon Crawl Stone Soup version 0.29.1-15-g9cfb28693d (webtiles) character file.

Game seed: 8826957354623505979

2 workbot the Trooper (level 1, 0/14 HPs)
             Began as a Gargoyle Berserker on Feb 28, 2023.
             Was a Follower of Trog.
             Slain by a goblin
             ... wielding a +0 dagger
              (3 damage)
             ... on level 1 of the Dungeon.
             The game lasted 00:01:06 (121 turns).

workbot the Trooper (Gargoyle Berserker)             Turns: 121, Time: 00:01:06

Health: 0/14       AC:  4    Str: 20    XL:     1   Next: 30%
Magic:  1/1        EV: 11    Int:  7    God:    Trog [*.....]
Gold:   0          SH:  0    Dex:  9    Spells: 0/0 levels left

rFire   . . .      SeeInvis .   a - +0 mace
rCold   . . .      Faith    .   (no shield)
rNeg    + . .      Spirit   .   b - +0 animal skin
rPois   ∞          Reflect  .   (no helmet)
rElec   +          Harm     .   (no cloak)
rCorr   .          Rampage  .   (no gloves)
Will    .....                   (no boots)
Stlth   +.........              (no amulet)
HPRegen 0.04/turn               (no ring)
MPRegen 0.07/turn               (no ring)

@: no status effects
A: sickness immunity, AC +2, negative energy resistance 1, electricity
resistance, torment resistance 1, petrification resistance
a: Renounce Religion, Berserk


You were on level 1 of the Dungeon.
You worshipped Trog.
Trog was aware of your devotion.
You visited 1 branch of the dungeon, and saw 1 of its levels.

Inventory:

Hand Weapons
 a - a +0 mace (weapon)
Armour
 b - a +0 animal skin (worn)


   Skills:
 - Level 3.2 Fighting
 * Level 3.1 Maces & Flails
 + Level 2.2 Armour
 - Level 1.5 Dodging


You couldn't memorise any spells.
You didn't know any spells.
Your spell library was empty.

Dungeon Overview and Level Annotations

Branches:
Dungeon (1/15)

Altars:


Innate Abilities, Weirdness & Mutations

You are immune to sickness and miasma.
Your stone body is resilient. (AC +2)
You are immune to poison.
You resist negative energy. (rN+)
You are resistant to electric shocks. (rElec)
You are resistant to unholy torment.
You are immune to petrification.


Message History

A bat comes into view. x2
The goblin barely misses you.
You barely miss the bat. The bat hits you but does no damage.
The goblin hits you but does no damage. The goblin hits you with a +0 dagger.
The kobold hits you but does no damage.
You closely miss the goblin. The bat closely misses you.
The bat barely misses you. The goblin hits you with a +0 dagger.
The kobold closely misses you.
You fail to use your ability.
The bat closely misses you. The bat hits you but does no damage.
The bat hits you. The goblin completely misses you.
The kobold hits you but does no damage.
You hit the bat.
You kill the bat!
Trog accepts your kill. The bat barely misses you.
The kobold hits you with a +0 whip. The goblin hits you but does no damage.
You barely miss the goblin. The bat hits you. The bat barely misses you.
The goblin hits you but does no damage. The kobold hits you with a +0 whip.
You are too injured to fight recklessly!
You are too injured to fight recklessly!
You are too injured to fight recklessly!
You are too injured to fight recklessly!
You hit the kobold but do no damage. The bat hits you but does no damage.
The bat closely misses you. The kobold closely misses you.
The goblin barely misses you. The kobold closely misses you.
The goblin closely misses you.
You closely miss the kobold. The bat hits you but does no damage.
The bat hits you.
* * * LOW HITPOINT WARNING * * *
The kobold misses you. The goblin hits you but does no damage.
You closely miss the kobold. The bat closely misses you.
The goblin hits you with a +0 dagger.
* * * LOW HITPOINT WARNING * * *
The kobold barely misses you.
You closely miss the kobold. The bat misses you. The goblin barely misses you.
The kobold closely misses you.
You completely miss the kobold. The bat closely misses you.
The goblin hits you but does no damage. The kobold barely misses you.
The goblin hits you with a +0 dagger.
You die...

........ #......#
######## #......#
#....... #......#
#.###### #......#
#.# . #..$...# #.#
....##†K.b..###.#.#
......g@........#.#
...#####.########.#
#..)............#
#b####.##########
...# #.###..# #.#
#..# ### #.# #..#
#.. #.# #..# #.#


You could see a goblin, a bat and a kobold.

Vanquished Creatures
  A ball python (D:1)
  A bat (D:1)
2 creatures vanquished.

Notes
Turn   | Place    | Note
-------+----------+-------------------------------------------
     0 | D:1      | workbot the Gargoyle Berserker began the quest for the Orb.
     0 | D:1      | Reached XP level 1. HP: 14/14 MP: 1/1
   121 | D:1      | Slain by a goblin

Illustrated notes

Levels and vault maps discovered:
D:1:      co_arrival_random_square_maze, layout_basic,
          shapermc_ecumenical_altar_mp_vishouse, serial_corexii_hall,
          corexii_hall_statues_t, chequers_hall_statues_wall_a,
          minmay_shallow_snake_nest

Action                   || total
-------------------------++-------
Melee: Mace              ||    13
Armor: Animal skin       ||    15
Dodge: Dodged            ||    24
